 Dungeon Crawl Stone Soup version 0.17-a0-1195-g0639cb0 (webtiles) character file.

144 Chiseanne the Chucker (level 5, 0/31 HPs)
             Began as a Kobold Hunter on June 2, 2015.
             Slain by a river rat (3 damage)
             ... on level 3 of the Dungeon.
             The game lasted 00:07:36 (2474 turns).

Chiseanne the Chucker (Kobold Hunter)               Turns: 2474, Time: 00:07:36

Health: 0/31       AC:  7    Str: 10 (13) XL:     5   Next: 51%
Magic:  14/14      EV: 11    Int:  7      God:
Gold:   99         SH: 10    Dex: 17      Spells: 0 memorised, 4 levels left

rFire  . . .     SeeInvis .     a - +0 short sword
rCold  . . .     Clarity  .     l - +0 ring mail
rNeg   . . .     SustAt   .     f - +2 shield
rPois  .         Gourm    .     (no helmet)
rElec  .         Spirit   .     r - +0 cloak
rCorr  .         Warding  .     q - +0 pair of gloves
rMut   .         Stasis   .     (no boots)
MR     .....                    w - amulet of rage
Stlth  +.........               (no ring)
                                j - ring of magical power

@: not resistant to hostile enchantments, very unstealthy
A: blurry vision 1, carnivore 3, dopey 1, strong 1
a: Evoke Berserk Rage


You were on level 3 of the Dungeon.
You were completely stuffed.

You visited 1 branch of the dungeon, and saw 3 of its levels.

You collected 99 gold pieces.

Inventory:

Hand weapons
 a - a +0 short sword (weapon)
Missiles
 g - 55 stones (quivered)
 h - 20 sling bullets
 s - 7 needles of frenzy
 t - 23 bolts
 y - 19 bolts of penetration
Armour
 f - a +2 shield (worn)
 l - a +0 ring mail (worn)
 q - a +0 pair of gloves (worn)
 r - a +0 cloak (worn)
Jewellery
 b - an uncursed ring of fire
 j - a ring of magical power (left hand)
 w - an amulet of rage (around neck)
Scrolls
 n - a scroll of magic mapping
Books
 k - a book of the Warp

   Spells                             Type                      Level
   a - Recall                         Summoning/Translocation      3
   b - Gell's Gravitas                Hexes/Translocation          3
   c - Control Teleport               Charms/Translocation         4
   d - Force Lance                    Conjuration/Translocation    4
   e - Phase Shift                    Translocation                5
   f - Warp Weapon                    Charms/Translocation         5
   g - Summon Forest                  Summoning/Translocation      5
Comestibles
 e - 4 meat rations
 m - 2 beef jerkies


   Skills:
 * Level 2.6 Fighting
 * Level 6.9 Throwing
 * Level 3.5 Dodging
 - Level 1.3 Stealth
 * Level 1.6 Shields


You had 4 spell levels left.
You didn't know any spells.

Dungeon Overview and Level Annotations

Branches:
Dungeon (3/15)

Altars:

Portals:
Sewer: D:3

Annotations:
D:2 exclusion: door, Crazy Yiuf


Innate Abilities, Weirdness & Mutations

You are small and have problems with some larger weapons.
You are carnivorous and can eat meat at any time.
Scrolls take you a little longer to read.
You are dopey. (Int -2)
Your muscles are strong. (Str +2)


Message History

The river rat bites you.
* * * LOW HITPOINT WARNING * * *
You hit the river rat but do no damage.
The river rat is severely wounded.
The river rat completely misses you.
You completely miss the river rat.
The river rat is severely wounded.
The river rat closely misses you. x2
You barely miss the river rat.
The river rat is severely wounded.
The river rat bites you.
* * * LOW HITPOINT WARNING * * *
You completely miss the river rat.
The river rat is heavily wounded.
The river rat bites you.
* * * LOW HITPOINT WARNING * * *
You hit the river rat but do no damage.
The river rat is heavily wounded.
The river rat bites you.
You die...

#.# #.# #.# #.# #.# #>#
#.##. #.# #.#.. ###.#####
#.##..##.#.. ..K..(..#
#.##..##.#..
###K#######.##.)##.#..
#.(rr@..........##.#..
∩≈≈≈(.#.##÷...#.###.##.#..
≈≈≈≈≈##.##.##.#.# #.##.#..
≈≈≈≈. #.##.##.#.# #.##.#..
≈≈.. #.##.##.#.# #.......
≈.. #.##.##.#.######.###
### #.##.##.#...........
..##.##.#[######.###
#.##.### #.#


You could see a river rat, a kobold and a rat.

Vanquished Creatures
  4 gnolls
  3 adders
  3 river rats (D:3)
  2 oozes (D:2)
  A worm (D:2)
  A giant gecko (D:1)
  An orc (D:3)
  6 bats
  A giant cockroach (D:2)
  5 hobgoblins (D:2)
  5 kobolds (D:1)
  2 ball pythons
  2 giant newts
  3 goblins
  4 jackals (D:1)
  5 rats
48 creatures vanquished.

Notes
Turn   | Place    | Note
--------------------------------------------------------------
     0 | D:1      | Chiseanne the Kobold Hunter began the quest for the Orb.
     0 | D:1      | Reached XP level 1. HP: 12/12 MP: 1/1
   205 | D:1      | Reached XP level 2. HP: 17/17 MP: 2/2
   817 | D:2      | Reached skill level 6 in Throwing
   817 | D:2      | Reached XP level 3. HP: 3/21 MP: 3/3
  1079 | D:2      | Reached skill level 1 in Shields
  1280 | D:1      | Reached XP level 4. HP: 17/26 MP: 4/4
  1868 | D:2      | Reached XP level 5. HP: 27/31 MP: 5/5
  2009 | D:2      | Noticed Crazy Yiuf
  2427 | D:3      | Found a glowing drain.
  2457 | D:3      | Gained mutation: Scrolls take you a little longer to read. [potion of mutation]
  2457 | D:3      | Gained mutation: Your muscles are strong. (Str +2) [potion of mutation]
  2457 | D:3      | Gained mutation: You are dopey. (Int -2) [potion of mutation]
  2474 | D:3      | Slain by a river rat

Vault maps used:
D:1:      minmay_arrival_semitransparent
D:2:      first_bread, uniq_crazy_yiuf_cottage
D:3:      portal_sewer_entry_b, serial_bayou_crossing, uniq_jessica,
          uniq_natasha

Action                   |  1- 3 |  4- 6 || total
-------------------------+-------+-------++-------
Melee: Short sword       |    57 |    90 ||   147
Throw: Tomahawk          |    18 |    42 ||    60
       Throwing net      |     1 |     6 ||     7
       Stone             |       |     1 ||     1
  Use: Scroll            |       |     6 ||     6
       Potion            |       |     4 ||     4
 Stab: Sleeping          |     1 |       ||     1
       Held in net/web   |       |     2 ||     2
  Eat: Chunk             |     4 |     9 ||    13
